[Event "24th Hoogeschool Zeeland 2022"]
[Site "Vlissingen"]
[Date "2022.08.10"]
[Round "6.10"]
[White "Royal, Shreyas"]
[Black "Jeanne, Mickael"]
[Result "1-0"]
[ECO "E05"]
[WhiteElo "2353"]
[BlackElo "2145"]
[Annotator "TA"]
[PlyCount "131"]
[EventDate "2022.08.05"]
[EventType "swiss"]
[EventCountry "NED"]
[SourceTitle "playchess.com"]
[Source "ChessBase"]
[SourceQuality "1"]
[TimeControl "40/5400+30:1800+30"]

1. d4 d5 2. c4 e6 3. Nf3 Nf6 4. g3 Be7 5. Bg2 O-O 6. O-O dxc4 7. Qc2 a6 8. a4 Bd7 9. Qxc4 Bc6 10. Bg5 Bd5 11. Qc2 Be4 12. Qc1 Nc6 13. Rd1 {[%emt 0:03:02] E05: Open Catalan: 5 Nf3 Be7.} Bxf3 14. Bxf3 Nxd4 {[%emt 0:00:16] [#]} 15. Kg2 $146 {[%emt 0:01:28] Black must now prevent Qc4. The position is equal.} ({Predecessor:} 15. Nc3 Nxf3+ 16. exf3 Qc8 17. Ne4 Nxe4 18. Bxe7 Re8 19. fxe4 Rxe7 20. Qc5 Rd7 21. a5 {1-0 (66) Bryakin,M (2451)-Vazquez,G (2527) Chess.com INT 2020}) 15... c5 16. e3 Nb3 17. Rxd8 Nxc1 {[%emt 0:00:08] Pair of Knights!} 18. Rxa8 Rxa8 19. Nd2 {[%emt 0:00:59] Against Nb3} Nd3 20. Nc4 h6 21. Bxf6 Bxf6 22. Bxb7 Rb8 23. Bxa6 Nxb2 24. Nxb2 Bxb2 $11 {[%emt 0:00:56][%mdl 4096] Endgame KRB-KRB} 25. Rd1 Ra8 26. Rd6 Bc3 27. Rc6 Kf8 28. Bb5 Bb4 29. Rc7 g5 30. Bc6 Rd8 31. Bf3 Ke8 (31... Re8 $11 {keeps the balance.}) 32. Bh5 $16 Rd7 {[%emt 0:00:38] [#]} 33. Rxd7 Kxd7 34. Bxf7 {[%emt 0:00:06] KB-KB} c4 35. Kf3 c3 {[%emt 0:01:28] aiming for ...c2.} 36. Bg6 Kd6 37. Ke2 ({White should play} 37. Bc2 $16) 37... Kc5 $14 38. Kd3 Ba5 39. Bf7 Kd5 40. f4 gxf4 (40... Kd6 $16) 41. gxf4 $18 ({Don't do} 41. exf4 Kd6 42. g4 Bc7 $16) 41... Kd6 42. e4 Ke7 $2 (42... e5 $16 {is a better defense.}) 43. Bh5 Kf6 44. Bg4 Kf7 45. e5 Bb6 $2 (45... Ke7 46. Kc2 Kd7) 46. Bd1 $2 (46. Kxc3 Ba5+ 47. Kc4) 46... Kg6 47. Ke4 ({Don't play} 47. Kxc3 $6 Kf5 $14) 47... Ba5 (47... Kf7 $142 48. Kd3 Ke7) 48. Bc2 {[%emt 0:00:00] Threatens to win with Kd4+.} Bb6 49. h3 Kf7 $2 (49... h5 50. Bb1 h4) 50. Kd3 Ke7 51. Kxc3 Be3 52. f5 exf5 $2 (52... Bb6 $18 53. f6+ Kf7) 53. Bxf5 Bf4 54. Kd4 Bd2 55. Kd5 (55. Kc5 $142 Ba5 56. Kc6) 55... h5 56. Bg6 h4 57. Bf5 Be1 58. Kc6 Bc3 {[%emt 0:00:59] [#]} 59. e6 $1 Kd8 60. Bd3 Ke7 61. Bc4 Kd8 62. Bd5 $2 (62. Be2 $18 {and White stays clearly on top.} Bd2 63. Kb6 Be3+ 64. Kb7) 62... Bb4 $2 {[%emt 0:01:10] This move loses the game for Black.} (62... Ke7 $16 63. Bc4 Bd2) 63. Kb5 $2 (63. Kb6 {mates} Ke7 64. a5 Kd6 65. Bb3 Be1 66. a6 Ke5 67. e7 Kf4 68. Kb7) 63... Be7 $2 (63... Bc3 $18 64. Kb6 Bd4+ 65. Kc6 Bc3) 64. a5 {[%emt 0:00:00][%cal Ba4a5,Ba5a6][%mdl 32] White mates.} Kc7 65. a6 Kb8 66. Kc6 {[%emt 0:00:00] Weighted Error Value: White=0.24 (precise) /Black=0.49} 1-0

[Event "24th Hoogeschool Zeeland 2022"]
[Site "Vlissingen"]
[Date "2022.08.10"]
[Round "6.11"]
[White "Shakhverdian, William"]
[Black "Bezemer, Arno"]
[Result "1-0"]
[ECO "E20"]
[WhiteElo "2040"]
[BlackElo "2278"]
[Annotator "TA"]
[PlyCount "59"]
[EventDate "2022.08.05"]
[EventType "swiss"]
[EventCountry "NED"]
[SourceTitle "playchess.com"]
[Source "ChessBase"]
[SourceQuality "1"]
[TimeControl "40/5400+30:1800+30"]

1. d4 Nf6 2. c4 e6 3. Nc3 Bb4 4. f3 c5 5. d5 b5 6. e4 {[%emt 0:00:18] E20: Nimzo-Indian: 4 g3 and 4 f3.} d6 {[%emt 0:00:37] is now more promising than 6...bxc4.} 7. Bd2 a6 8. Nge2 {[%emt 0:14:24] [#] The position is equal.} exd5 $146 ({Predecessor:} 8... O-O 9. Nf4 exd5 10. cxd5 Nbd7 11. a4 bxa4 12. Qxa4 Ne5 13. Be2 Rb8 14. O-O c4 {½-½ (31) Mamedyarov,S (2782)-Aronian,L (2782) chess24.com INT 2021}) 9. Nxd5 (9. cxd5 {keeps more tension.} Nbd7 10. Ng3 c4 11. Be3) 9... Nxd5 10. cxd5 Bxd2+ 11. Qxd2 O-O 12. Ng3 Qh4 13. Bd3 Nd7 14. O-O Ne5 15. Be2 f5 16. f4 Ng6 17. Bh5 Ne7 {[%emt 0:13:29] [#]} (17... Bb7 $14) 18. e5 $1 $16 Rd8 {[%emt 0:10:54] [#]} 19. Bf3 {[%emt 0:05:11] White is more active.} (19. Rfe1 $142 $1) 19... Bb7 20. Rae1 {[%emt 0:21:51] exd6 is the strong threat.} g6 21. exd6 (21. b4 $16 {Hoping for bxc5.} c4 22. Qd4) 21... Rxd6 $11 22. Qe3 Nxd5 23. Qxc5 Qd8 24. Rd1 Rc8 25. Qa7 Rc7 26. Rfe1 Rcd7 27. Nf1 (27. Qc5 $11) 27... Bc6 (27... Ba8 $1 $15 28. Qd4 Nf6) 28. Qc5 $1 Qc7 $2 (28... Ba8 $11) 29. Bxd5+ $18 Bxd5 {[%emt 0:00:43] [#]} 30. Rxd5 $1 {[%emt 0:00:27][%mdl 512] Weighted Error Value: White=0.18 (very precise) /Black=0.45} 1-0

[Event "24th Hoogeschool Zeeland 2022"]
[Site "Vlissingen"]
[Date "2022.08.10"]
[Round "6.12"]
[White "Van Delft, Merijn"]
[Black "Marzano, Carlo"]
[Result "1-0"]
[ECO "C88"]
[WhiteElo "2383"]
[BlackElo "2079"]
[Annotator "TA"]
[PlyCount "83"]
[EventDate "2022.08.05"]
[EventType "swiss"]
[EventCountry "NED"]
[SourceTitle "playchess.com"]
[Source "ChessBase"]
[SourceQuality "1"]
[TimeControl "40/5400+30:1800+30"]

1. e4 e5 2. Nf3 Nc6 3. Bb5 a6 4. Ba4 Nf6 5. O-O b5 6. Bb3 Bb7 7. d3 Be7 8. a4 O-O 9. Re1 d6 10. Nbd2 Re8 {[%emt 0:05:31] 10...Nd7 is becoming the main line.} 11. Nf1 {[%emt 0:02:28] C88: Closed Ruy Lopez: Anti-Marshall Systems.} h6 12. Ng3 Bf8 13. Bd2 {[%emt 0:01:35] [#] White has an edge.} Rb8 $146 ({Predecessor:} 13... Qd7 14. Ba2 Rad8 15. Nh4 d5 16. exd5 Nxd5 17. Ne4 Nf4 18. axb5 axb5 19. Nf3 Nb4 {0-1 (51) Grigoriants,S (2582)-Tomashevsky,E (2595) Moscow 2006}) 14. axb5 axb5 15. c3 Ne7 16. Nh4 {[%emt 0:06:37] Black should prevent Qf3.} Qd7 17. h3 (17. Qf3 {with more complications.} Qg4 18. Qxg4 Nxg4 19. Nh5) 17... d5 18. Qf3 c5 {[%emt 0:20:56] [#]} 19. Bxh6 $1 {[%emt 0:03:26] Hoping for Bg5.} c4 {[%emt 0:00:13][%mdl 64] [#] Deflection} 20. dxc4 dxe4 $17 21. Qe2 {[%emt 0:01:24] And now Bg5 would win.} gxh6 22. cxb5 Ned5 23. Nxe4 (23. Bxd5 $15 Qxd5 24. Red1) 23... Nxe4 $19 24. Qxe4 Nf4 25. Qf5 (25. Qe3 $17 {was called for.}) 25... Qxf5 26. Nxf5 Bxg2 27. Ra7 Rb7 28. Rxb7 Bxb7 29. Kh2 Bd5 ({And not} 29... Bc5 30. Rg1+ Kf8 31. Rg7 $17) (29... Rd8 $19 {White must now prevent ...Rd2.} 30. Rd1 Rxd1 31. Bxd1 Nd3) 30. Bxd5 $17 Nxd5 31. c4 (31. Ra1 $17) 31... Nf4 $19 32. Rd1 Kh7 33. Rd7 Kg6 34. Nd6 {[%emt 0:00:39] [#]} Bxd6 ({Black should play} 34... Re6 $1 $19 35. Nxf7 e4) 35. Rxd6+ {[%emt 0:00:10][%mdl 4096] Endgame KRN-KR} Kg5 {[%emt 0:00:48] [#]} (35... Re6 $11 36. Ra6 Kf5) 36. b6 (36. c5 $1 $16 {[%cal Rc5c6] Threatens to win with c6.} Rb8 37. b4) 36... Ne6 $1 $11 37. b4 {[%emt 0:00:48] Strongly threatening c5.} f5 $2 {[%emt 0:00:53][%mdl 8192] [#]} (37... Rg8 $11) 38. Rxe6 $1 $18 {[%emt 0:07:25][%mdl 576] Promotion. White is clearly winning.} Rxe6 (38... Rb8 39. c5) 39. c5 e4 40. b7 f4 41. b8=Q {[%emt 0:30:37][%cal Oc5c6] Intending c6! and mate.} e3 42. fxe3 {[%emt 0:00:22] Weighted Error Value: White=0.30/Black=0.28 (precise)} 1-0

[Event "24th Hoogeschool Zeeland 2022"]
[Site "Vlissingen"]
[Date "2022.08.10"]
[Round "6.13"]
[White "Koffeman, Timo"]
[Black "Dhulipalla Bala Chandra Prasad"]
[Result "0-1"]
[ECO "C55"]
[WhiteElo "2119"]
[BlackElo "2423"]
[Annotator "TA"]
[PlyCount "102"]
[EventDate "2022.08.05"]
[EventType "swiss"]
[EventCountry "NED"]
[SourceTitle "playchess.com"]
[Source "ChessBase"]
[SourceQuality "1"]
[TimeControl "40/5400+30:1800+30"]

1. e4 e5 2. Nf3 Nc6 3. Bc4 Nf6 4. d3 h6 5. Nbd2 d6 6. c3 g6 7. O-O Bg7 8. Re1 O-O 9. d4 {[%emt 0:02:26] C55: Two Knights: 4 d3, 4 d4 exd4 5 e5 and Max Lange Attack.} (9. b4 $14) 9... exd4 $11 10. cxd4 d5 {[%emt 0:00:10] [#]} 11. Bb5 $146 {[%emt 0:05:20] The position is equal.} (11. exd5 {seems wilder.} Nxd5 12. Ne4 Nb6 13. Bb3) ({Predecessor:} 11. exd5 Nxd5 12. Nb3 Bg4 13. Be3 a5 14. Rc1 Qd6 15. h3 Bxf3 16. Qxf3 Nxe3 17. fxe3 {1-0 (46) Mamedov,R (2654)-Romanov,E (2594) Reykjavik 2021}) 11... dxe4 12. Nxe4 Nxe4 13. Rxe4 Qd5 14. Qe2 Bf5 15. Bxc6 Qxc6 16. Re3 Rfe8 17. Bd2 Rxe3 18. Qxe3 Re8 19. Qc3 Qb6 {[%emt 0:02:14] Black is more active.} (19... Qd7 $17) 20. Be3 $15 Be4 21. Ne5 Bd5 22. b4 c6 23. a3 Qd8 24. h3 Qh4 25. Re1 a6 26. Qa1 Kh7 27. Qc3 Kg8 28. Qa1 Qh5 29. Bd2 Kh7 30. Qc3 Qf5 31. Re3 h5 32. Re1 Kg8 $40 {[%emt 0:00:40][%mdl 128] Black has some attack.} 33. Bc1 f6 34. Nd3 Rxe1+ 35. Nxe1 Qe4 36. Qe3 f5 37. Qxe4 ({White should play} 37. Nf3 $15) 37... Bxe4 {[%emt 0:00:03][%mdl 4096] Endgame KBB-KBN. This bishop pair is nice.} 38. Bb2 Kf7 39. Kf1 Bf6 40. Ke2 Ke6 41. f3 Bb1 42. Nd3 Bxd3+ 43. Kxd3 $17 {[%emt 0:00:06] KB-KB} Kd5 44. Bc3 b6 45. g4 Bg7 46. gxh5 gxh5 47. a4 Bf6 48. b5 $2 {[%emt 0:14:01][%mdl 8192] [#] This move loses the game for White.} (48. Bb2 $17) 48... axb5 $19 49. axb5 c5 50. dxc5 Bxc3 51. Kxc3 Kxc5 {[%emt 0:00:05] Weighted Error Value: White=0.50/Black=0.08 (flawless)} 0-1

[Event "24th Hoogeschool Zeeland 2022"]
[Site "Vlissingen"]
[Date "2022.08.10"]
[Round "6.14"]
[White "Lohr, Maximilian"]
[Black "Seul, Georg"]
[Result "1-0"]
[ECO "D00"]
[WhiteElo "2092"]
[BlackElo "2367"]
[Annotator "TA"]
[PlyCount "85"]
[EventDate "2022.08.05"]
[EventType "swiss"]
[EventCountry "NED"]
[SourceTitle "playchess.com"]
[Source "ChessBase"]
[SourceQuality "1"]
[TimeControl "40/5400+30:1800+30"]

1. d4 Nf6 2. Nc3 d5 3. Bf4 a6 4. e3 e6 5. g4 c5 6. g5 $1 {[%emt 0:01:45] D00: 1 d4 d5: Unusual lines.} Nfd7 7. Qf3 {[%emt 0:07:42] [#]} Be7 $146 ({Black should try} 7... Nc6 $11) ({Predecessor:} 7... cxd4 8. exd4 Nc6 9. O-O-O b5 10. h4 g6 11. h5 Rg8 12. hxg6 hxg6 13. Rh7 Bg7 14. Nxd5 exd5 15. Qxd5 {1-0 (68) Cabarkapa,N (2449)-Reich,T (2376) Germany 2019}) 8. Qg3 $1 $14 {[%emt 0:01:46] Bc7 is the strong threat. White is slightly better.} O-O 9. Nf3 Nc6 10. O-O-O b5 11. Bc7 Qe8 12. h4 f5 (12... b4 $11 13. Na4 c4) 13. Ne2 (13. h5 $16) 13... c4 (13... Ra7 $1 $11) 14. Nf4 $16 Nd8 15. h5 {[%emt 0:03:11] White is much more active. The black rooks are badly placed.} (15. g6 $1 $16 {[%cal Rg6h7] Black must now prevent gxh7+.} h6 16. Nh5) 15... Ra7 $11 16. Ne2 $36 {[%emt 0:12:56][%mdl 2048] Black is under pressure.} Nc6 17. Bg2 a5 18. Nh4 {[%emt 0:01:09][%cal Oe2f4] [#] And now Nf4! would win.} a4 (18... Qxh5 19. g6 h6 20. Nf4 $16) (18... Bxg5 $1 $11 19. Nc3 (19. Qxg5 Rxc7 20. Nc3 Qe7 $15) 19... b4 20. Nxd5 (20. Qxg5 bxc3 21. h6 cxb2+ 22. Kxb2 Rf7 $17) 20... Nf6 21. Nxf6+ (21. Qxg5 Nxd5 22. Bd6 Qd8 $14) 21... Bxf6) 19. Nf4 $16 Rxc7 $2 ({Black should play} 19... a3 $14) 20. Nxe6 $18 {[%emt 0:00:19][%mdl 64] Discovered Attack, Double Attack} Ra7 (20... Nb6 {is tougher.}) 21. Bxd5 Nb6 {[%emt 0:00:07] [#]} 22. Nc7+ (22. Nxg7+ $1 $18 {[%mdl 512] is the precise move to win.} Kxg7 23. h6+ Kh8 24. g6) 22... Nxd5 $16 23. Nxe8 Rxe8 24. Qf3 Rd8 (24... Be6 $14) 25. Nxf5 $18 Bxg5 {[%emt 0:00:07] Strongly threatening ...Rf7.} 26. Qg2 $4 (26. Rdg1 $18 {avoids the disaster.} Bf6 27. a3) 26... h6 $19 27. f4 Bxf4 28. exf4 Bxf5 29. Rhe1 (29. a3 {was the only defense.} b4 30. Rhe1) 29... a3 $2 (29... Ncb4 $19 30. Re5 Bxc2) 30. Re8+ $1 $11 Rxe8 31. Qxd5+ Kh8 $2 (31... Rf7 $11 {and Black is okay.} 32. Qxc6 Re2 33. bxa3 Rxc2+ 34. Kb1 Rd2+ 35. Kc1 Rc2+ 36. Kb1 Rd2+ 37. Kc1 Rc2+) 32. Qxf5 $18 axb2+ 33. Kxb2 (33. Kb1 $1 $18) 33... Rea8 $16 {[%emt 0:00:55] [#] Threatens to win with ...b4.} 34. Ra1 ({Reject} 34. Qxb5 Rb8 35. Qxb8+ Nxb8 $15) (34. Kc3 $1 $16 Rxa2 35. Qxb5 R8a3+ 36. Kd2 (36. Kxc4 $2 Rxc2+ 37. Kd5 Ra5 $19) 36... Nxd4 37. Qe8+ (37. Qxc4 Rxc2+ 38. Qxc2 Nxc2 $15) 37... Kh7 38. Qe4+ Kg8 39. Qd5+ (39. Qxd4 Rd3+ 40. Qxd3 cxd3 $16) 39... Kh7 40. Qxd4 (40. Qe4+ Kg8 $16) 40... Rd3+ {[#]} 41. Qxd3+ $1 cxd3 42. Kxd3) 34... b4 $11 {[%emt 0:01:34] aiming for ...c3+.} ({Don't take} 34... Nxd4 35. Qc5 c3+ 36. Qxc3 $16 (36. Kxc3 Ra4 $14)) 35. Qc5 c3+ 36. Kb3 Rc7 37. Qd6 Na5+ (37... Rcc8 $11 {remains equal.}) 38. Kxb4 $16 Rc6 (38... Rcc8 $16) 39. Qd5 {[%emt 0:00:09] White is clearly winning.} Rb6+ (39... Rcc8 $142 40. Qxa5 Rxa5) 40. Kxc3 $18 Rc8+ 41. Kd3 Nc6 42. c3 Nd8 43. Re1 {[%emt 0:00:00] Weighted Error Value: White=0.57/Black=0.81} 1-0

[Event "24th Hoogeschool Zeeland 2022"]
[Site "Vlissingen"]
[Date "2022.08.10"]
[Round "6.15"]
[White "Sorbe, Stephane"]
[Black "Zwirs, Jasper"]
[Result "1-0"]
[ECO "C00"]
[WhiteElo "2352"]
[BlackElo "2105"]
[Annotator "TA"]
[PlyCount "87"]
[EventDate "2022.08.05"]
[EventType "swiss"]
[EventCountry "NED"]
[SourceTitle "playchess.com"]
[Source "ChessBase"]
[SourceQuality "1"]
[TimeControl "40/5400+30:1800+30"]

1. Nf3 Nf6 2. g3 d5 3. Bg2 e6 4. O-O Be7 5. d3 O-O 6. Nbd2 c5 7. e4 Nc6 8. Re1 dxe4 9. dxe4 e5 10. c3 h6 11. Qe2 Qc7 12. Nc4 {[%emt 0:03:07][%cal Bd2c4,Bc4e3,Be3d5][%mdl 32] [#] C00: French: Unusual White 2nd moves.} b5 $146 (12... Rd8 $11 {is more appropriate.}) ({Predecessor:} 12... Be6 13. Nh4 Rfd8 14. f4 exf4 15. Bxf4 Qc8 16. Nf5 Bxf5 17. exf5 Nd5 18. Bxd5 Rxd5 19. Ne3 Rd8 {½-½ (30) Svidler,P (2734)-Golubov,S (2405) Sochi 2015}) 13. Ne3 $14 Qb7 (13... Nxe4 $2 14. Nd5 Qd8 15. Nxe7+ Qxe7 16. Qxe4 $18) 14. Nd5 {[%emt 0:10:33] White is better.} Re8 15. a4 {[%emt 0:03:35] White is more active.} Rb8 $2 {[%emt 0:16:33] [#]} (15... b4 $16) 16. axb5 $18 Qxb5 17. Qxb5 Rxb5 18. Nc7 Rb7 19. Nxe8 Nxe8 20. Bf1 Be6 21. Ra6 Nb8 22. Ra5 ({Less strong is} 22. Nxe5 Nxa6 23. Bxa6 Rb6 $16) 22... Nd7 23. Ba6 Rc7 24. Bb5 Nef6 25. c4 Bd8 26. Bd2 Rb7 27. Ra3 Bc7 28. Bc3 Bb8 29. Bc6 Rb6 30. Bd5 Bg4 31. Nd2 Nh7 32. f3 Bh5 33. g4 Bg6 34. h4 h5 35. g5 {[%emt 0:01:40] White is clearly winning.} Nhf8 36. Rb3 Kh7 37. Ra1 f6 38. Rxb6 axb6 39. Kf2 Be8 40. Nf1 fxg5 41. hxg5 Kg6 42. Bd2 Bf7 43. Ng3 Ne6 44. Nf5 {[%emt 0:00:00] Black got outplayed after the opening.  Weighted Error Value: White=0.04 (flawless) /Black=0.32} 1-0

[Event "24th Hoogeschool Zeeland 2022"]
[Site "Vlissingen"]
[Date "2022.08.10"]
[Round "6.16"]
[White "Coenen, Eduard"]
[Black "Klepke, Ricardo"]
[Result "0-1"]
[ECO "A47"]
[WhiteElo "2063"]
[BlackElo "2293"]
[Annotator "TA"]
[PlyCount "106"]
[EventDate "2022.08.05"]
[EventType "swiss"]
[EventCountry "NED"]
[SourceTitle "playchess.com"]
[Source "ChessBase"]
[SourceQuality "1"]
[TimeControl "40/5400+30:1800+30"]

1. d4 c5 2. c3 Nf6 3. Nf3 e6 4. Bf4 b6 5. e3 Be7 6. Nbd2 O-O {[%emt 0:02:24] A47: 1 d4 Nf6 2 Nf3 b6: Torre, London and Colle Systems.} 7. Bd3 d5 8. Ne5 Ba6 {[%emt 0:10:22] The position is equal.} 9. Bc2 Qc8 {[%emt 0:03:16] [#]} 10. Bg5 $146 ({Predecessor:} 10. Qf3 Nc6 11. Rc1 cxd4 12. exd4 Nxe5 13. dxe5 Nd7 14. c4 dxc4 15. O-O Rd8 16. Bb1 {0-1 (35) Skoberne,J (2572)-Volokitin,A (2624) Bled 2016}) 10... Nc6 11. Nxc6 Qxc6 12. Qf3 Rfe8 13. h4 b5 ({Black should play} 13... Rac8 $15) 14. h5 (14. Rc1 $11 {remains equal.}) 14... h6 15. Bf4 (15. Bxh6 $142 gxh6 16. Qf4) 15... cxd4 16. exd4 b4 17. Rh3 (17. c4 $17) 17... Rec8 (17... bxc3 $19 {has better winning chances.} 18. bxc3 Bd6) 18. g4 (18. Rg3 $142 Kf8 19. a3 bxc3 20. bxc3) 18... bxc3 19. bxc3 Bb4 20. Rc1 (20. cxb4 $17 Qxc2 21. Qb3) 20... Qxc3 21. Qxc3 Rxc3 22. Rxc3 Bxc3 23. Bh7+ Kxh7 24. Rxc3 Nxg4 25. Rc7 Kg8 26. Bd6 Rc8 27. f3 Rxc7 28. Bxc7 $19 {[%emt 0:00:02][%mdl 4096] Endgame KBN-KBN} Ne3 29. Bb8 Nc2+ 30. Kf2 Nb4 31. Bxa7 Nxa2 32. Ke3 Nb4 33. Nb3 Nc6 34. Bb6 Ne7 35. Nc5 Nf5+ 36. Kf4 Bb5 37. Nb7 Be2 38. Bc5 $2 {[%emt 0:00:29] [#]} (38. Nc5) 38... Nh4 39. Be7 Nxf3 40. Ke3 Bd1 41. Nc5 Ng5 42. Kf4 f6 43. Nd7 Kf7 44. Bb4 Bxh5 45. Nc5 Be2 46. Nb7 h5 47. Nd8+ Kg6 48. Nc6 Bg4 {[%emt 0:01:33] [#] Threatens to win with ...Ne4.} 49. Kg3 Ne4+ 50. Kh2 Kf5 51. Ba3 Kf4 52. Bc1+ Kf3 53. Nb4 Ke2 {[%emt 0:00:00] Weighted Error Value: White=0.27 (precise) /Black=0.08 (flawless)} 0-1

[Event "24th Hoogeschool Zeeland 2022"]
[Site "Vlissingen"]
[Date "2022.08.10"]
[Round "6.17"]
[White "Duson, Robin"]
[Black "Grochal, Joey"]
[Result "1-0"]
[ECO "E25"]
[WhiteElo "2027"]
[BlackElo "2290"]
[Annotator "TA"]
[PlyCount "95"]
[EventDate "2022.08.05"]
[EventType "swiss"]
[EventCountry "NED"]
[SourceTitle "playchess.com"]
[Source "ChessBase"]
[SourceQuality "1"]
[TimeControl "40/5400+30:1800+30"]

1. d4 Nf6 2. c4 e6 3. Nc3 Bb4 4. f3 d5 5. a3 Bxc3+ 6. bxc3 c5 7. cxd5 exd5 8. e3 c4 {[%emt 0:02:01] E25: Nimzo-Indian: Sämisch: 5...c5 6 f3 d5 7 cxd5.} 9. g4 O-O 10. Ne2 Re8 {[%emt 0:02:08][%cal Oc8g4] The position is equal.} 11. Bg2 Nc6 12. O-O Na5 13. Ng3 h6 14. Rb1 Nb3 15. Qc2 Qc7 {[%emt 0:03:15] [#]} (15... a5 $11) 16. Qf2 (16. e4 $1 $16) 16... Be6 17. h3 {[%emt 0:03:25] [#]} (17. e4 {with more complications.} dxe4 18. fxe4 Nxc1 19. Rbxc1 Nxg4 20. Qe1) 17... Rad8 $146 ({Predecessor:} 17... Nd7 18. e4 f6 19. Be3 Qa5 20. Qc2 Bf7 21. h4 Qc7 {0-1 (21) Meyner,H (2631)-Roberts,A (2344) LSS email 2016}) 18. e4 {[%emt 0:01:51][%cal Be3e4,Be4e5][%mdl 32] And now e5 would win.} Nxc1 19. Rfxc1 Nh7 {[%emt 0:01:24] [#]} (19... dxe4 $16 20. fxe4 b6) 20. e5 $1 $18 Rf8 (20... Bd7 {was necessary.} 21. f4 Bc6) 21. f4 f5 22. Rb5 ({White should try} 22. gxf5 $18 Bxf5 23. Nxf5 Rxf5 24. Qh4) 22... Qf7 ({Black should play} 22... fxg4 $14 23. hxg4 Bxg4) 23. Rf1 (23. Nxf5 $6 Bxf5 24. gxf5 a6 $18) (23. gxf5 $18 Bxf5 24. Nxf5 Qxf5 25. Rf1 (25. Rxb7 Ng5 $18) (25. Bxd5+ $2 Rxd5 26. Rxb7 Qxh3 $19)) 23... Kh8 $2 {[%emt 0:01:13] This costs Black the game.} (23... fxg4 $16 {keeps fighting.} 24. f5 gxh3 25. Bxh3 Bc8) 24. Qb2 b6 25. a4 (25. Nxf5 $6 Bxf5 26. gxf5 Qxf5) 25... Qe7 (25... fxg4 $16 26. f5 gxh3 27. fxe6 Qxe6) 26. gxf5 Bxf5 27. Rxd5 (27. Nxf5 $6 Rxf5 28. Rxd5 (28. Bxd5 Qf8 $14) 28... Rdf8 $18) 27... Rxd5 (27... Bd3 {is a better defense.}) 28. Nxf5 ({Not} 28. Bxd5 Bxh3 29. Rf3 Qd7 $14) 28... Rxf5 29. Bxd5 Qh4 30. Qh2 g5 31. fxg5 Qxg5+ (31... Rxg5+ $142 32. Bg2 (32. Kh1 Rg3 $18) 32... Qe4) 32. Qg2 {[%emt 0:02:35] Active counter play!} Rxf1+ 33. Kxf1 {[%emt 0:00:08][%mdl 4096] Endgame Strongly threatening Qxg5. KQB-KQN} Qc1+ 34. Kf2 Ng5 35. Qg3 Qd2+ (35... Qc2+ {was called for.} 36. Kg1 Qxa4) 36. Kg1 Qd1+ 37. Kg2 Qc2+ (37... Qxa4 $142 38. Qf2 Nh7) 38. Qf2 Qg6 {[%emt 0:00:00] Hoping for ...Ne4+.} 39. Qf6+ Kh7 $2 (39... Qxf6 $18 40. exf6 Nh7) 40. Qxg6+ Kxg6 {[%emt 0:00:00] KB-KN} 41. h4 Nf7 42. h5+ Kg7 43. Bxf7 Kxf7 44. d5 {[%emt 0:00:10] White wants to mate with Kg3.} a6 45. Kf3 {[%emt 0:00:14] White mates.} b5 46. axb5 axb5 47. Ke4 Ke7 48. Kd4 {[%emt 0:00:10] Weighted Error Value: White=0.25 (precise) /Black=0.71} 1-0

[Event "24th Hoogeschool Zeeland 2022"]
[Site "Vlissingen"]
[Date "2022.08.10"]
[Round "6.18"]
[White "Laux, Dominik"]
[Black "Bakker, Jouke"]
[Result "1/2-1/2"]
[ECO "B67"]
[WhiteElo "2320"]
[BlackElo "2057"]
[Annotator "TA"]
[PlyCount "85"]
[EventDate "2022.08.05"]
[EventType "swiss"]
[EventCountry "NED"]
[SourceTitle "playchess.com"]
[Source "ChessBase"]
[SourceQuality "1"]
[TimeControl "40/5400+30:1800+30"]

1. e4 c5 2. Nf3 d6 3. d4 cxd4 4. Nxd4 Nf6 5. Nc3 Nc6 6. Bg5 e6 7. Qd2 a6 8. O-O-O Bd7 9. f3 Be7 10. Kb1 Nxd4 $1 {[%emt 0:10:17][%mdl 4] is more profitable than 10...Qc7 at the moment. B67: Sicilian: Richter-Rauzer: 7...a6 8 0-0-0 Bd7, lines without 9 f4 Be7.} 11. Qxd4 Bc6 12. h4 Qc7 {[%emt 0:08:35] White is slightly better.} 13. Qd2 Rd8 14. Ne2 {[%emt 0:06:31] [#]} h6 $146 ({Predecessor:} 14... b5 15. Nd4 Bd7 16. g4 Qb7 17. Be3 e5 18. Nb3 Be6 19. Bh3 Nd7 20. g5 Nb6 21. Bxb6 Qxb6 {1-0 (30) Solodovnichenko,Y (2554)-Seo,J (2360) Vasteras 2018}) 15. Be3 d5 16. e5 Nd7 ({Not} 16... Qxe5 17. Bf4 Qf5 18. Nd4 $16) 17. f4 Bb5 18. Qe1 (18. Nd4 $16) 18... Rc8 19. Nd4 Bxf1 20. Rxf1 Bc5 21. c3 Bxd4 22. Rxd4 h5 23. Qe2 (23. g4 $5) 23... b5 24. a4 Rb8 25. axb5 axb5 26. Rb4 Ke7 (26... g6 $11) 27. Rxb5 ({Better is} 27. f5 $16 Nxe5 28. fxe6 (28. Rxb5 Qc4 $11) 28... Kxe6 29. Bd4 (29. Rxb5 $2 Qc4 $19)) 27... Rxb5 (27... Qc6 $11 28. Rxb8 Rxb8) 28. Qxb5 $14 {[%emt 0:00:03] Threatens to win with Qb4+.} Rb8 29. Qd3 {[%emt 0:01:28] White is more active.} (29. Qa6 $16) 29... g6 {[%emt 0:00:24] The position is equal.} 30. Rc1 Nc5 31. Bxc5+ Qxc5 32. Qd4 {[%emt 0:03:57] Inhibits Qf2.} Qxd4 33. cxd4 $11 {[%emt 0:00:02][%mdl 4096] Endgame KR-KR} Rb4 $1 34. Rd1 Rb3 $1 {[%emt 0:00:15] Inhibits Rd3.} 35. Ka2 Rg3 36. b4 Rxg2+ 37. Kb3 Rg3+ 38. Ka4 {[%emt 0:01:04] [#] Strongly threatening Ka5.} Rc3 39. Ka5 Kd7 $1 40. Kb6 {[%emt 0:00:10] Hoping for b5.} Rc6+ $1 41. Kb7 {[%emt 0:30:39] aiming for b5.} Rc7+ 42. Kb6 {[%emt 0:00:31] [#] And now b5 would win.} Rc6+ $1 43. Kb7 {[%emt 0:00:00] Weighted Error Value: White=0.14 (very precise) /Black=0.12 (very precise)} 1/2-1/2